Arrhythmia, chaotic female vampiric Convict -------- |....... ----- ------- ------ |......... |...| |.....| ##.....| |..........a |...| |......### # |..>.| |...........aa@_# 0|....########|.....| # ------------####+....| - ----------- # #---.- #.......####....)......|# |..*.| ### ##%###########|.....| #|.........`+# ----|- # % #|.....| #|..........|# # ### ### #------- #------------# # # # ####0##################### # --+--------- ### # # # # |..........| # -.------ ### ### # |.........<.#### ###|......| # # # |0.........|### #-......|### ### --.-- ----------- # |....[.|# # |...| ##############.......| ##-...| |......| |...| -------- ----- Arrhythmia the Jail-bird Experience level: 8 Strength: 16 Dexterity: 13 Constitution: 17 Intelligence: 15 Wisdom: 8 Charisma: 7 Health: 0(59) Energy: 48(48) AC: 1 Gold: 660 Moves: 3359 Your Inventory: Coins $ - 660 gold pieces Armor g - an uncursed +0 pair of leather gloves (being worn) m - an uncursed +0 dwarvish mithril-coat (being worn) w - an uncursed +0 mummy wrapping y - an uncursed +0 pair of iron shoes B - a cursed -1 pair of levitation boots D - an uncursed +0 dwarvish iron helm (being worn) Potions C - an uncursed potion of speed Wands s - an [uncursed] wand of enlightenment [0:14] Tools k - an [uncursed tallow] candle l - an [uncursed] bag of tricks [0:10] r - an [uncursed] towel Iron balls c - an [uncursed] heavy iron ball (chained to you) (weapon in hand) Spells known in the end: Name Level Category Fail Memory a - detect food 2 divination 100% [|||||||.] b - drain life 2 attack 100% [|||||||.] c - stone to flesh 3 healing 100% [||||||||] Your skills at the end: Fighting Skills Weapon Skills sling [Basic / Skilled] Spellcasting Skills Final Attributes: You were piously aligned. Hunger level was 636. Your alignment was 26 / 26. Monster difficulty range was 1 - 7. Level difficulty was 7. You were immune to poison. You were immune to level-drain. You were immune to sickness. You were punished. You could fly. You could survive without air. You regenerated. Your luck was zero. You are dead. Vanquished creatures: a black pudding a crocodile a leprechaun a lizard a dingo a dust vortex a human zombie a soldier ant 2 snow ants a bugbear a rock piercer 2 shriekers 2 violet fungi 2 gnome lords 2 gnomish wizards a kobold mummy a gray ooze a straw golem 4 giant ants 2 floating eyes a kitten 2 dwarves 5 rothes 3 giant bats 3 orc zombies an iguana an acid blob 2 gas spores a hobbit 5 manes a large kobold 9 gnomes 6 garter snakes a gnome zombie 5 geckos 4 jackals a fox a kobold 3 goblins a sewer rat 2 grid bugs 2 lichens 2 kobold zombies 5 newts 96 creatures vanquished. Voluntary challenges: You went without food. You never hit with a wielded weapon. You read items or engraved 7 times. You put on armor 18 times. You never genocided any monsters. You never polymorphed an object. You never changed form. You used no wishes. You abstained from Elbereth's help. You never encountered a bones level. You never used any Sokoban shortcuts. Dungeon overview: The Dungeons of Doom: levels 1 to 7 Level 1 a fountain a long staircase Level 2 a general store, an altar, some fountains stairs to The Gnomish Mines Level 4 a sink Level 5 a sink Level 6 a general store Level 7 <- You were here a fountain The Gnomish Mines: Level 3 stairs to The Dungeons of Doom History has recorded: On T:1 you entered the Dungeons of Doom to retrieve the Amulet of Yendor! On T:376 you reached level 2 of The Dungeons of Doom. On T:612 you advanced to experience level 2. On T:789 you advanced to experience level 3. On T:854 you advanced to experience level 4. On T:1007 you reached level 1 of The Gnomish Mines. On T:1030 you advanced to experience level 5. On T:1066 you advanced to experience level 6. On T:1125 you reached level 3 of The Dungeons of Doom. On T:1350 you reached level 4 of The Dungeons of Doom. On T:1802 you reached level 5 of The Dungeons of Doom. On T:1959 you advanced to experience level 7. On T:2303 you advanced to experience level 8. On T:2497 you reached level 6 of The Dungeons of Doom. On T:3036 you reached level 7 of The Dungeons of Doom. Latest messages: You bite the soldier ant. The soldier ant misses. The soldier ant stings! [HP-8=34] You kill the soldier ant! [HP+1=35] You miss the soldier ant. You bite the soldier ant. The soldier ant bites! The soldier ant stings! [HP-9=26] You miss the soldier ant. You bite the soldier ant. The soldier ant bites! The soldier ant stings! The soldier ant misses. The soldier ant stings! [HP-19=7] You miss the soldier ant. (2x) The soldier ant bites! The soldier ant stings! You die... Final status: Goodbye Arrhythmia the Convict... You died in The Dungeons of Doom on dungeon level 7 with 5878 points, and 660 pieces of gold, after 3359 moves. You were level 8 with a maximum of 59 hit points when you died.